HSSL
SPANISH FORK HS @ DUBLIN JEROME HS CELTICS
04/28/2024
 
TOP OF THE 1ST
Spanish Fork HS batting - Pitching for Dublin Jerome HS Celtics : RHP Jonathan Nieves
Pitching: RHP Jonathan Nieves
Batting: RHB Gary Roberts 0-0: Ball
1-0: Called Strike
1-1: Called Strike
1-2: DOUBLE (Line Drive, 89M)
Batting: RHB Ray Hernández 0-0: Ball
1-0: SINGLE (Groundball, 6MD)
Gary Roberts to third
Runner from 3rd tries for Home, SAFE, no throw or cutoff
Batting: RHB Javier Ortíz 0-0: Ball
1-0: Called Strike
1-1: Ball
2-1: Foul Ball, location: 2F
2-2: Foul Ball, location: 2F
2-2: Foul Ball, location: 2F
2-2: Ball
3-2: Foul Ball, location: 2F
3-2: Foul Ball, location: 2F
3-2: Base on Balls
Ray Hernández to second
Batting: RHB Jim Jones 0-0: Called Strike
0-1: Reached on error, E4 (Groundball, 4)
Ray Hernández to third
Javier Ortíz to second
Batting: RHB Steve Meyers 0-0: Ball
1-0: Foul Ball, location: 2F
1-1: Foul Ball, location: 2F
1-2: Strikes out looking
Batting: LHB Mal Jiménez 0-0: Called Strike
0-1: Swinging Strike
0-2: Ball
1-2: Fly out, F8 (Flyball, 8RM)
Runner from 3rd tags up, SCORES, throw made
Batting: SHB Joaquín Mercado 0-0: Ball
1-0: SINGLE (Line Drive, 7S)
Javier Ortíz to third
Jim Jones to second
Batting: RHB Peter Jones 0-0: Ball
1-0: Ball
2-0: Ball
3-0: Called Strike
3-1: Base on Balls
Javier Ortíz scores
Jim Jones to third
Joaquín Mercado to second
Batting: RHB Mike Holloway 0-0: Called Strike
0-1: Swinging Strike
0-2: Ball
1-2: Strikes out swinging
Top of the 1st over - 3 run(s), 3 hit(s), 1 error(s), 3 left on base; Spanish Fork HS 3 - Dublin Jerome HS 0
BOTTOM OF THE 1ST
Dublin Jerome HS Celtics batting - Pitching for Spanish Fork HS : LHP Franklin O'Morchoe
Pitching: LHP Franklin O'Morchoe
Batting: LHB Bill Bryan 0-0: Foul Ball, location: 2F
0-1: Ball
1-1: Foul Ball, location: 2F
1-2: Fly out, F7 (Flyball, 78XD)
Batting: LHB Paul Holcomb 0-0: Ball
1-0: Called Strike
1-1: Foul Ball, location: 2F
1-2: DOUBLE (Line Drive, 3D)
Batting: RHB Dylan Warren 0-0: Called Strike
0-1: Ball
1-1: Ball
2-1: Ground out 6-3 (Groundball, 6)
Paul Holcomb to third
Batting: SHB Ricky Edwards 0-0: Called Strike
0-1: Ball
1-1: Swinging Strike
1-2: Ball
Wild Pitch!
Paul Holcomb scores
2-2: Foul Ball, location: 2F
2-2: Ball
3-2: Foul Ball, location: 2F
3-2: Foul Ball, location: 2F
3-2: Foul Ball, location: 2F
3-2: Base on Balls
Batting: LHB Patrick Ferguson 0-0: Foul Ball, location: 2F
0-1: Ball
1-1: Ball
2-1: Foul Ball, location: 2F
2-2: Foul Ball, location: 2F
2-2: SINGLE (Groundball, 5D)
Ricky Edwards to second
Batting: RHB Deron McClendon 0-0: Swinging Strike
0-1: Ball
1-1: Fly out, F6 (Popup, 6MD)
Bottom of the 1st over - 1 run(s), 2 hit(s), 0 error(s), 2 left on base; Spanish Fork HS 3 - Dublin Jerome HS 1
TOP OF THE 2ND
Spanish Fork HS batting - Pitching for Dublin Jerome HS Celtics : RHP Jonathan Nieves
Batting: RHB Gary Roberts 0-0: Fly out, F8 (Flyball, 8RM)
Batting: RHB Ray Hernández 0-0: Called Strike
0-1: Called Strike
0-2: Foul Ball, location: 2F
0-2: Strikes out swinging
Batting: RHB Javier Ortíz 0-0: Ball
1-0: Ball
2-0: Ball
3-0: Called Strike
3-1: Called Strike
3-2: Foul Ball, location: 2F
3-2: Foul Ball, location: 2F
3-2: Strikes out swinging
Top of the 2nd over - 0 run(s), 0 hit(s), 0 error(s), 0 left on base; Spanish Fork HS 3 - Dublin Jerome HS 1
BOTTOM OF THE 2ND
Dublin Jerome HS Celtics batting - Pitching for Spanish Fork HS : LHP Franklin O'Morchoe
Batting: RHB Luis Árias 0-0: Ball
1-0: Foul Ball, location: 2F
1-1: Swinging Strike
1-2: Ball
2-2: Ball
3-2: Base on Balls
Batting: RHB David Silva 0-0: Ball
1-0: Foul Ball, location: 2F
1-1: Ball
2-1: Ball
3-1: Swinging Strike
3-2: Base on Balls
Luis Árias to second
Batting: RHB Norm Gunn 0-0: Ball
1-0: SINGLE (Groundball, 56D)
Luis Árias to third
David Silva to second
Runner from 3rd tries for Home, SAFE, throw made home
David Silva to third
Norm Gunn to second
Batting: LHB Bill Bryan 0-0: Called Strike
0-1: Ball
1-1: Ball
2-1: Foul Ball, location: 2F
2-2: SINGLE (Line Drive, 4MD)
David Silva scores
Norm Gunn to third
Batting: LHB Paul Holcomb 0-0: Ball
1-0: Ball
2-0: Ball
Pickoff Throw to First - Out!
3-0: Called Strike
3-1: Called Strike
3-2: Foul Ball, location: 2F
3-2: Foul Ball, location: 2F
3-2: 2-RUN HOME RUN (Flyball, 8RXD), Distance : 441 ft
Batting: RHB Dylan Warren 0-0: SINGLE (Groundball, 56D)
Batting: SHB Ricky Edwards 0-0: Called Strike
0-1: Called Strike
0-2: Ball
1-2: Strikes out swinging
Batting: LHB Patrick Ferguson 0-0: Ball
1-0: Ball
2-0: SINGLE (Line Drive, 4MD)
Dylan Warren to second
Batting: RHB Deron McClendon 0-0: Ball
1-0: Ball
2-0: Ball
3-0: Called Strike
3-1: Base on Balls
Dylan Warren to third
Patrick Ferguson to second
Batting: RHB Luis Árias 0-0: Fly out, F2 (Popup, 2LF)
Bottom of the 2nd over - 4 run(s), 5 hit(s), 0 error(s), 3 left on base; Spanish Fork HS 3 - Dublin Jerome HS 5
TOP OF THE 3RD
Spanish Fork HS batting - Pitching for Dublin Jerome HS Celtics : RHP Jonathan Nieves
Batting: RHB Jim Jones 0-0: Swinging Strike
0-1: Ball
1-1: Ball
2-1: Swinging Strike
2-2: Foul Ball, location: 2F
2-2: Ball
3-2: SINGLE (Groundball, 4M)
Batting: RHB Steve Meyers 0-0: Grounds into double play, 6-4-3 (Groundball, 6M)
Batting: LHB Mal Jiménez 0-0: Ball
1-0: Ball
2-0: Foul Ball, location: 2F
Error on foul ball, E5
2-2: TRIPLE (Line Drive, 89S)
Batting: SHB Joaquín Mercado 0-0: Ball
1-0: Swinging Strike
1-1: Ball
2-1: Reached on error, E3 (Groundball, 3)
Mal Jiménez scores
Batting: RHB Peter Jones 0-0: Called Strike
0-1: Foul Ball, location: 2F
0-2: Strikes out looking
Top of the 3rd over - 1 run(s), 2 hit(s), 2 error(s), 1 left on base; Spanish Fork HS 4 - Dublin Jerome HS 5
BOTTOM OF THE 3RD
Dublin Jerome HS Celtics batting - Pitching for Spanish Fork HS : LHP Franklin O'Morchoe
Batting: RHB David Silva 0-0: Ball
1-0: Ground out 1-3 (Groundball, 13S)
Batting: RHB Norm Gunn 0-0: Ball
1-0: Ground out 6-3 (Groundball, 6M)
Batting: LHB Bill Bryan 0-0: Ball
1-0: Called Strike
1-1: DOUBLE (Line Drive, 3D)
Batting: LHB Paul Holcomb 0-0: Ball
Wild Pitch!
Bill Bryan to third
1-0: Fly out, F9 (Flyball, 9S)
Bottom of the 3rd over - 0 run(s), 1 hit(s), 0 error(s), 1 left on base; Spanish Fork HS 4 - Dublin Jerome HS 5
TOP OF THE 4TH
Spanish Fork HS batting - Pitching for Dublin Jerome HS Celtics : RHP Jonathan Nieves
Batting: RHB Mike Holloway 0-0: Foul Ball, location: 2F
0-1: Swinging Strike
0-2: Strikes out swinging
Batting: RHB Gary Roberts 0-0: Called Strike
0-1: Ball
1-1: Swinging Strike
1-2: Foul Ball, location: 2F
1-2: Foul Ball, location: 2F
1-2: Strikes out swinging
Batting: RHB Ray Hernández 0-0: Called Strike
0-1: SOLO HOME RUN (Flyball, 8LXD), Distance : 438 ft
Batting: RHB Javier Ortíz 0-0: Called Strike
0-1: Ball
1-1: Ball
2-1: Called Strike
2-2: Foul Ball, location: 2F
2-2: Foul Ball, location: 2F
2-2: Strikes out swinging
Top of the 4th over - 1 run(s), 1 hit(s), 0 error(s), 0 left on base; Spanish Fork HS 5 - Dublin Jerome HS 5
BOTTOM OF THE 4TH
Dublin Jerome HS Celtics batting - Pitching for Spanish Fork HS : LHP Franklin O'Morchoe
Pitching: RHP Julien Bernard
Batting: RHB Dylan Warren 0-0: Called Strike
0-1: Ball
1-1: Ball
2-1: Ball
3-1: Fly out, F8 (Flyball, 8LM)
Batting: SHB Ricky Edwards 0-0: Called Strike
0-1: DOUBLE (Flyball, 9LS)
Batting: LHB Patrick Ferguson 0-0: Called Strike
0-1: DOUBLE (Flyball, 89D)
Ricky Edwards scores
Batting: RHB Deron McClendon 0-0: Called Strike
0-1: Ball
1-1: Called Strike
1-2: Strikes out looking
Batting: RHB Luis Árias 0-0: Ground out 5-3 (Groundball, 56)
Bottom of the 4th over - 1 run(s), 2 hit(s), 0 error(s), 1 left on base; Spanish Fork HS 5 - Dublin Jerome HS 6
TOP OF THE 5TH
Spanish Fork HS batting - Pitching for Dublin Jerome HS Celtics : RHP Jonathan Nieves
Pitching: RHP Enrique Bernal
Batting: RHB Jim Jones 0-0: Foul Ball, location: 2F
0-1: SINGLE (Line Drive, 78M)
Batting: RHB Steve Meyers 0-0: Called Strike
0-1: Ball
1-1: Ball
2-1: Fielders Choice at 2nd, 6-4 (Groundball, 6M)
Batting: LHB Mal Jiménez 0-0: Foul Ball, location: 2F
0-1: DOUBLE (Groundball, 5L)
Steve Meyers to third
Batting: SHB Joaquín Mercado 0-0: Ball
1-0: Ball
2-0: Ball
3-0: Called Strike
3-1: Foul Ball, location: 2F
3-2: Foul Ball, location: 2F
3-2: Ground out U3 (Groundball, 3S)
Batting: RHB Peter Jones 0-0: Ball
1-0: SINGLE (Groundball, 6D)
Steve Meyers scores
Mal Jiménez to third
Runner from 3rd tries for Home, SAFE, no throw or cutoff
Batting: RHB Mike Holloway 0-0: Ball
1-0: Called Strike
1-1: Swinging Strike
1-2: Ball
2-2: Fly out, F7 (Flyball, 7LM)
Top of the 5th over - 2 run(s), 3 hit(s), 0 error(s), 1 left on base; Spanish Fork HS 7 - Dublin Jerome HS 6
BOTTOM OF THE 5TH
Dublin Jerome HS Celtics batting - Pitching for Spanish Fork HS : RHP Julien Bernard
Batting: RHB David Silva 0-0: Called Strike
0-1: Swinging Strike
0-2: Strikes out swinging
Batting: RHB Norm Gunn 0-0: Ball
1-0: Hit by Pitch
Batting: LHB Bill Bryan Balk!
Norm Gunn to second
0-0: DOUBLE (Flyball, 7M)
Norm Gunn scores
Batting: LHB Paul Holcomb 0-0: Intentional Walk
Batting: RHB Dylan Warren 0-0: Ball
Bill Bryan is caught stealing 3rd base
Paul Holcomb to second
1-0: Ball
2-0: Foul Ball, location: 2F
2-1: Ball
3-1: Foul Ball, location: 2F
3-2: Foul Ball, location: 2F
3-2: SINGLE (Flyball, 78S) - OUT at second base trying to stretch hit.
Paul Holcomb scores
Bottom of the 5th over - 2 run(s), 2 hit(s), 0 error(s), 0 left on base; Spanish Fork HS 7 - Dublin Jerome HS 8
TOP OF THE 6TH
Spanish Fork HS batting - Pitching for Dublin Jerome HS Celtics : RHP Enrique Bernal
Batting: RHB Gary Roberts 0-0: Ball
1-0: Ball
2-0: Ball
3-0: Base on Balls
Batting: RHB Ray Hernández 0-0: Called Strike
0-1: Ball
1-1: Ball
2-1: Fly out, F7 (Line Drive, 7M)
Batting: RHB Javier Ortíz 0-0: Ball
1-0: Called Strike
1-1: Swinging Strike
1-2: Strikes out swinging
Pitching: RHP Daniel Merrill
Batting: RHB Jim Jones 0-0: Ball
1-0: Ball
2-0: Called Strike
2-1: Swinging Strike
2-2: Strikes out swinging
Top of the 6th over - 0 run(s), 0 hit(s), 0 error(s), 1 left on base; Spanish Fork HS 7 - Dublin Jerome HS 8
BOTTOM OF THE 6TH
Dublin Jerome HS Celtics batting - Pitching for Spanish Fork HS : RHP Julien Bernard
Batting: SHB Ricky Edwards 0-0: Ball
1-0: Ball
2-0: Ball
3-0: Called Strike
3-1: Base on Balls
Batting: LHB Patrick Ferguson 0-0: Ball
1-0: Called Strike
1-1: Ball
2-1: SINGLE (Flyball, 6MD)
Ricky Edwards to second
Batting: RHB Deron McClendon 0-0: Called Strike
0-1: Ball
1-1: Ball
2-1: Ball
3-1: Base on Balls
Ricky Edwards to third
Patrick Ferguson to second
Batting: RHB Luis Árias 0-0: Ball
1-0: Foul Ball, location: 2F
1-1: GRAND SLAM HOME RUN (Flyball, 8LXD), Distance : 435 ft
Pitching: RHP Steve Nelson
Batting: RHB David Silva 0-0: SINGLE (Line Drive, 4MD)
Batting: RHB Norm Gunn 0-0: Ball
1-0: Ball
2-0: Ball
3-0: Swinging Strike
3-1: Base on Balls
David Silva to second
Batting: LHB Bill Bryan 0-0: Swinging Strike
0-1: Ball
1-1: SINGLE (Groundball, 34D)
David Silva to third
Norm Gunn to second
Batting: LHB Paul Holcomb 0-0: Ball
1-0: Ball
2-0: Ball
3-0: Base on Balls
David Silva scores
Norm Gunn to third
Bill Bryan to second
Batting: RHB Dylan Warren 0-0: Ball
1-0: Ball
2-0: Fly out, F8 (Flyball, 8LM)
Runner from 3rd tags up, SCORES, throw made
Batting: SHB Ricky Edwards 0-0: Called Strike
0-1: Ball
1-1: Ball
2-1: Ball
3-1: Base on Balls
Bill Bryan to third
Paul Holcomb to second
Batting: LHB Patrick Ferguson 0-0: Ball
1-0: Ball
2-0: Ball
3-0: Base on Balls
Bill Bryan scores
Paul Holcomb to third
Ricky Edwards to second
Batting: RHB Deron McClendon 0-0: Ball
1-0: Called Strike
1-1: Ball
2-1: SINGLE (Flyball, 7LS)
Paul Holcomb scores
Ricky Edwards to third
Patrick Ferguson to second
Runner from 3rd tries for Home, SAFE, no throw or cutoff
Pitching: LHP Bob Taylor
Batting: RHB Luis Árias 0-0: Ball
1-0: Ball
2-0: Ball
3-0: Called Strike
3-1: Foul Ball, location: 2F
3-2: Strikes out looking
Batting: RHB David Silva 0-0: Called Strike
0-1: SINGLE (Flyball, 9S)
Patrick Ferguson to third
Deron McClendon to second
Runner from 3rd tries for Home, SAFE, no throw or cutoff
Batting: RHB Norm Gunn 0-0: Fly out, F5 (Line Drive, 5F)
Bottom of the 6th over - 10 run(s), 6 hit(s), 0 error(s), 2 left on base; Spanish Fork HS 7 - Dublin Jerome HS 18
TOP OF THE 7TH
Spanish Fork HS batting - Pitching for Dublin Jerome HS Celtics : RHP Daniel Merrill
Batting: RHB Steve Meyers 0-0: Ball
1-0: Ball
2-0: Ball
3-0: Called Strike
3-1: Ground out 4-3 (Groundball, 4)
Batting: LHB Mal Jiménez 0-0: Foul Ball, location: 2F
0-1: Ball
1-1: Foul Ball, location: 2F
1-2: Strikes out swinging
Batting: SHB Joaquín Mercado 0-0: Ball
1-0: Ball
2-0: Ball
3-0: Base on Balls
Batting: RHB Peter Jones 0-0: Ball
1-0: Ball
2-0: Ball
3-0: Base on Balls
Joaquín Mercado to second
Batting: RHB Mike Holloway 0-0: Ball
1-0: Ball
2-0: Called Strike
2-1: Foul Ball, location: 2F
2-2: Foul Ball, location: 2F
2-2: Foul Ball, location: 2F
2-2: Foul Ball, location: 2F
2-2: Ball
3-2: Ground out 6-3 (Groundball, 6M)
Top of the 7th over - 0 run(s), 0 hit(s), 0 error(s), 2 left on base; Spanish Fork HS 7 - Dublin Jerome HS 18
BOTTOM OF THE 7TH
Dublin Jerome HS Celtics batting - Pitching for Spanish Fork HS : LHP Bob Taylor
Batting: LHB Bill Bryan 0-0: Ball
1-0: Ball
2-0: Ball
3-0: Base on Balls
Batting: LHB Paul Holcomb 0-0: Foul Ball, location: 2F
0-1: Ball
1-1: Ball
2-1: Foul Ball, location: 2F
2-2: Fly out, F2 (Popup, 2LF)
Batting: RHB Dylan Warren 0-0: Called Strike
Bill Bryan steals 2nd base
0-1: Foul Ball, location: 2F
0-2: Ball
1-2: Ball
2-2: SINGLE (Line Drive, 7S)
Bill Bryan to third
Batting: SHB Ricky Edwards 0-0: Called Strike
Dylan Warren is caught stealing 2nd base
0-1: Ball
1-1: SINGLE (Line Drive, 56)
Bill Bryan scores
Batting: LHB Patrick Ferguson 0-0: Called Strike
0-1: Foul Ball, location: 2F
0-2: Ball
1-2: Strikes out looking
Bottom of the 7th over - 1 run(s), 2 hit(s), 0 error(s), 1 left on base; Spanish Fork HS 7 - Dublin Jerome HS 19
TOP OF THE 8TH
Spanish Fork HS batting - Pitching for Dublin Jerome HS Celtics : RHP Daniel Merrill
Batting: RHB Gary Roberts 0-0: Called Strike
0-1: Ball
1-1: Ball
2-1: Bunted foul
2-2: Ball
3-2: Strikes out swinging
Pitching: RHP Brian Atkins
Batting: RHB Ray Hernández 0-0: DOUBLE (Flyball, 8RM)
Batting: RHB Javier Ortíz 0-0: SINGLE (Groundball, 3L)
Ray Hernández to third
Batting: RHB Jim Jones 0-0: Foul Ball, location: 2F
0-1: Fielders Choice at 2nd, 6-4 (Groundball, 6)
Ray Hernández scores
Batting: RHB Steve Meyers 0-0: Called Strike
0-1: Fly out, F8 (Flyball, 8LD)
Top of the 8th over - 1 run(s), 2 hit(s), 0 error(s), 1 left on base; Spanish Fork HS 8 - Dublin Jerome HS 19
BOTTOM OF THE 8TH
Dublin Jerome HS Celtics batting - Pitching for Spanish Fork HS : LHP Bob Taylor
Batting: RHB Deron McClendon 0-0: Ball
1-0: Ball
2-0: Called Strike
2-1: Fly out, F7 (Flyball, 7M)
Pitching: RHP Miguel Gómez
Batting: RHB Luis Árias 0-0: Ball
1-0: Foul Ball, location: 2F
1-1: Ball
2-1: Ball
3-1: Base on Balls
Pinch Hitting: LHB Ángel Santos 0-0: Ball
1-0: Foul Ball, location: 2F
1-1: Ball
2-1: Foul Ball, location: 2F
2-2: Ball
Wild Pitch!
Luis Árias to second
3-2: Foul Ball, location: 2F
3-2: Strikes out swinging
Batting: RHB Norm Gunn 0-0: Called Strike
0-1: Ball
1-1: Foul Ball, location: 2F
1-2: Ball
2-2: Strikes out swinging
Bottom of the 8th over - 0 run(s), 0 hit(s), 0 error(s), 1 left on base; Spanish Fork HS 8 - Dublin Jerome HS 19
TOP OF THE 9TH
Spanish Fork HS batting - Pitching for Dublin Jerome HS Celtics : RHP Brian Atkins
Now at C: Stan Crosby
Now at 3B: Ángel Santos
Batting: LHB Mal Jiménez 0-0: Ground out 4-3 (Groundball, 34)
Batting: SHB Joaquín Mercado 0-0: Ball
1-0: Ball
2-0: Ball
3-0: Called Strike
3-1: Base on Balls
Batting: RHB Peter Jones 0-0: Called Strike
0-1: Ball
1-1: SINGLE (Line Drive, 34D)
Joaquín Mercado to second
Batting: RHB Mike Holloway 0-0: Called Strike
0-1: Swinging Strike
0-2: Ball
1-2: Ball
2-2: Ball
3-2: Base on Balls
Joaquín Mercado to third
Peter Jones to second
Batting: RHB Gary Roberts 0-0: Swinging Strike
0-1: Hit by Pitch
Joaquín Mercado scores
Peter Jones to third
Mike Holloway to second
Batting: RHB Ray Hernández 0-0: Ball
1-0: Fly out, F8 (Flyball, 8LM)
Batting: RHB Javier Ortíz 0-0: Called Strike
0-1: Called Strike
0-2: Strikes out swinging
Top of the 9th over - 1 run(s), 1 hit(s), 0 error(s), 3 left on base; Spanish Fork HS 9 - Dublin Jerome HS 19
This league is powered by Out of the Park Baseball, the baseball management simulation game for PC, Mac and Linux
Saturday, April 9th, 2016 - OOTP Baseball 16.8 Build 38